 Dungeon Crawl Stone Soup version 0.31-a0-185-g9dded2c639 (webtiles) character file.

Game seed: 8593089475191016001

33 qw the Shooter (level 3, -3/20 HPs)
             Began as a Deep Elf Hunter on June 22, 2023.
             Slain by a worm (9 damage)
             ... on level 2 of the Dungeon.
             The game lasted 00:00:23 (993 turns).

qw the Shooter (Deep Elf Hunter)                     Turns: 993, Time: 00:00:23

Health: -3/20      AC:  3    Str: 10    XL:     3   Next: 12%
Magic:  5/5        EV: 12    Int: 13    God:
Gold:   15         SH:  5    Dex: 18    Spells: 2/2 levels left

rFire   . . .        Y - +0 shortbow
rCold   . . .        (shield currently unavailable)
rNeg    . . .        c - +0 leather armour
rPois   .            (no helmet)
rElec   .            (no cloak)
rCorr   .            (no gloves)
SInv    .            (no boots)
Will    .....        e - amulet of reflection
Stlth   ++           (no ring)
HPRegen 0.23/turn    (no ring)
MPRegen 0.09/turn

%: reflection
@: about to teleport
A: no striking features
a: no special abilities


You were on level 2 of the Dungeon.
You visited 1 branch of the dungeon, and saw 2 of its levels.

You collected 39 gold pieces.
You spent 24 gold pieces at shops.


   Skills:
 - Level 1.5 Fighting
 + Level 6.7 Ranged Weapons
 - Level 2.4 Dodging
 - Level 1.2 Stealth


You had 2 spell levels left.
You didn't know any spells.
Your spell library was empty.

Inventory:

Hand Weapons
 Y - a +0 shortbow (weapon)
Armour
 c - a +0 leather armour (worn)
Jewellery
 e - an amulet of reflection (around neck)
Scrolls
 a - 4 scrolls of teleportation
 d - a scroll of identify
 f - a scroll of fog {unknown}
Potions
 b - a potion of heal wounds {unknown}

Dungeon Overview and Level Annotations

Branches:
Dungeon (2/15)

Altars:

Shops:
D:2 *


Message History

You shoot an arrow. The arrow hits the jackal.
The jackal is moderately wounded.
The jackal closely misses you. You block the jackal's attack.
You shoot an arrow. The arrow hits the jackal.
You kill the jackal!
You start resting.
HP restored.
You now have 15 gold pieces (gained 7).
You see here a +0 dagger.
Things that are here:
a jackal corpse; a jackal corpse
f - a scroll labelled ZAT JOIDOE You see here a jackal corpse.
Enter note:
Enter note:
Enter note:
Enter note: A worm comes into view.
Found 17 gold pieces.
Enter note:
Enter note:
Enter note:
Enter note: You shoot an arrow.
The arrow hits the worm.
The worm is lightly wounded.
You shoot an arrow. The arrow hits the worm.
The worm is lightly wounded.
You shoot an arrow. The arrow hits the worm!
The worm is heavily wounded.
The worm bites you.
You shoot an arrow. The arrow hits the worm.
The worm is severely wounded.
The worm bites you!
992 ||| READING 5 scrolls of teleportation.
As you read the scroll of teleportation, it crumbles to dust.
You feel strangely unstable.
You shoot an arrow. The arrow hits the worm.
The worm is severely wounded.
The worm bites you!
You die...

.........########...........#####
.....#.### ############# ...#.#.#
#### ...#.#.# #... ...[.... .####
#... ...#.... ...... #...
[..####........# #... .....
.........##### #... .....
#.@...#####+####... ...##
......w###.#............ ...#..
$.#..#. #.#............ # #.. #.
#. #...........#.. #.. # #.
##............# #.# #+
#..###+####.## #.# ##..# #... ##
#.# ##.##.####..# .###.##
#..#.......#


You could see a worm.

Vanquished Creatures
  A dart slug (D:1)
  3 endoplasms
  3 giant cockroaches
  2 hobgoblins (D:1)
  4 jackals (D:2)
  A ball python (D:1)
  2 bats (D:1)
  4 frilled lizards (D:1)
  3 goblins
  3 kobolds
  4 rats
30 creatures vanquished.

Notes
Turn   | Place    | Note
-------+----------+-------------------------------------------
     0 | D:1      | qw the Deep Elf Hunter began the quest for the Orb.
     0 | D:1      | Reached XP level 1. HP: 12/12 MP: 3/3
     0 | D:1      | 0 ||| qw: Version: 0.3-a-9-g12657ce
     0 | D:1      | 0 ||| qw: Game counter: 1779
     0 | D:1      | 0 ||| qw: Always use a shield: true
     0 | D:1      | 0 ||| qw: God list: Okawaru
     0 | D:1      | 0 ||| qw: Allow faded altars: false
     0 | D:1      | 0 ||| qw: Do Orc after D:15 true
     0 | D:1      | 0 ||| qw: Do second Lair branch before Depths: true
     0 | D:1      | 0 ||| qw: Lair rune preference: random
     0 | D:1      | 0 ||| qw: Plans: Normal
     0 | D:1      | 0 ||| PLANNING D:1-11
   254 | D:1      | Reached XP level 2. HP: 16/16 MP: 4/4
   275 | D:1      | Reached skill level 6 in Ranged Weapons
   505 | D:1      | Found a faded altar of an unknown god.
   642 | D:1      | 642 ||| UPGRADING to amulet of reflection.
   647 | D:1      | 647 ||| READING 6 scrolls labelled AFUOSA LUACIHU.
   652 | D:1      | 652 ||| READING scroll labelled VUHAYDE OGGIOM.
   653 | D:1      | 653 ||| READING scroll labelled INTUIN JIAB.
   654 | D:1      | 654 ||| READING scroll labelled LEMULL XA ARI.
   684 | D:1      | 684 ||| DROPPING scroll of butterflies.
   708 | D:2      | 708 ||| STAIRDANCE
   878 | D:2      | Found Fecyd's General Store.
   881 | D:2      | 881 ||| SHOPLISTING 2 potions of haste (240 gold, have 32).
   881 | D:2      | 881 ||| SHOPLISTING 2 potions of heal wounds (120 gold,
                  | have 32).
   881 | D:2      | 881 ||| BUYING scroll of identify (24 gold).
   881 | D:2      | Bought a scroll of identify for 24 gold pieces
   881 | D:2      | 881 ||| SHOPLISTING scroll of identify (24 gold, have 8).
   920 | D:2      | Reached XP level 3. HP: 18/20 MP: 5/5
   991 | D:2      | HP: 5/20 [worm (9)]
   992 | D:2      | 992 ||| READING 5 scrolls of teleportation.
   993 | D:2      | Slain by a worm

Levels and vault maps discovered:
D:1:      minmay_arrival_cross, layout_basic,
          shapermc_ecumenical_altar_mp_urbaneastern,
          hangedman_decor_peaks_small, minmay_misc_feat_secret_circle,
          minmay_cut_off
D:2:      layout_basic, serial_shops, nicolae_shop_behind_doors,
          kennysheep_pointless_box, serial_park_tiny_pond

Skill      XL: |  1  2 |
---------------+-------+-----
Ranged Weapons | 6 |  6.7
Fighting       | |  1.5
Dodging        | |  2.4
Stealth        | |  1.2

Action                     || total
---------------------------++-------
   Fire: Shortbow          ||    79
    Use: Scroll            ||     5
 Armour: Leather armour    ||    10
  Dodge: Dodged            ||    31
  Block: Other             ||     6

Table legend:
 A = Non-vault XP
 B = Vault XP
 C = Vault XP percentage of total XP
 D = Non-vault monster count
 E = Vault monster count
 F = Vault count percentage of total count
                 A         B        C        D         E       F
            +---------+---------+-------+---------+---------+-------
      Total |      42 |       6 |  12.5 |      26 |       4 |  13.3
            +---------+---------+-------+---------+---------+-------
        D:1 |      24 |       6 |  20.0 |      15 |       4 |  21.1
        D:2 |      18 |       0 |   0.0 |      11 |       0 |   0.0
            +---------+---------+-------+---------+---------+-------
